 Dungeon Crawl Stone Soup version 0.31.0-12-g77e489cdc1 (webtiles) character file.

Game seed: 3721967651329739892

16462 Marvel the Basher (level 12, -47/79 HPs)
             Began as a Gargoyle Monk on Feb 18, 2024.
             Was a High Priest of Okawaru.
             Annihilated by an enormous slime creature (56 damage)
             ... on level 13 of the Dungeon.
             The game lasted 00:41:46 (13306 turns).

Marvel the Basher (Gargoyle Monk)                  Turns: 13306, Time: 00:41:46

Health: -47/79     AC: 48    Str: 20    XL:     12   Next: 37%
Magic:  10/12      EV:  7    Int: 11    God:    Okawaru [*****.]
Gold:   184        SH:  5    Dex: 12    Spells: 11/11 levels left

rFire   . . .        Q - +0 morningstar (flame)
rCold   . . .        d - orb {light}
rNeg    + + .        X - +11 crystal plate armour "Hero's Friend" {rN+ rCorr}
rPois   ∞            (no helmet)
rElec   +            j - +0 cloak
rCorr   +            P - +1 pair of gloves
SInv    .            (no boots)
Will    +....        L - amulet of reflection Stlth
                     u - ring of willpower
HPRegen 0.33/turn    (no ring)
MPRegen 0.13/turn

%: reflection
@: heroic, glowing
A: sickness immunity, AC +8, negative energy resistance 1, electricity
resistance, torment resistance 1, petrification resistance
a: Renounce Religion, Heroism, Finesse, Duel


You were on level 13 of the Dungeon.
You worshipped Okawaru.
Okawaru was extremely pleased with you.
You visited 1 branch of the dungeon, and saw 13 of its levels.
You also visited: Bailey.

You collected 715 gold pieces.
You spent 531 gold pieces at shops.

Inventory:

Hand Weapons
 I - the +7 Throatcutter {drain, coup de grace}
   (You found it on level 10 of the Dungeon)
 Q - a +0 morningstar of flaming (weapon)
Missiles
 b - an atropa-tipped dart
 v - 32 poisoned darts (quivered)
 F - 2 throwing nets
 O - a boomerang
 R - 3 javelins
 Y - a silver javelin
Armour
 d - an orb of light (worn)
 j - a +0 cloak (worn)
 t - a +0 kite shield
 P - a +1 pair of gloves (worn)
 X - the +11 crystal plate armour "Hero's Friend" (worn) {rN+ rCorr}
   (Okawaru gifted it to you on level 11 of the Dungeon)

   rN+:       It protects you from negative energy.
   rCorr:     It protects you from acid and corrosion.
Jewellery
 u - a ring of willpower (left hand)
 L - an amulet of reflection (around neck)
Wands
 e - a wand of digging (1)
 m - a wand of light (3)
 y - a wand of flame (16)
 G - a wand of paralysis (12)
 H - a wand of mindburst (16)
 M - a wand of roots (9)
Scrolls
 a - a scroll of fear
 f - 4 scrolls of poison
 h - 4 scrolls of identify
 l - 2 scrolls of blinking
 o - 2 scrolls of immolation
 q - 3 scrolls of teleportation
 E - 2 scrolls of enchant armour
 S - a scroll of enchant weapon
 T - a scroll of fog
 U - a scroll of revelation
Potions
 c - 2 potions of ambrosia
 g - 4 potions of might
 i - 4 potions of enlightenment
 k - 5 potions of curing
 n - 4 potions of resistance
 p - 4 potions of brilliance
 r - a potion of cancellation
 s - a potion of berserk rage
 w - a potion of mutation
 z - 2 potions of invisibility
 A - a potion of lignification
 C - 3 potions of magic
 D - a potion of haste
 J - 3 potions of attraction


   Skills:
 + Level 10.8(15.8) Fighting
 + Level 13.3(18.3) Maces & Flails
 + Level 5.7(10.7) Throwing
 + Level 10.9(15.9) Armour
 - Level 2.4(7.4) Dodging
 - Level 0.2(5.2) Stealth
 + Level 1.3 Invocations


You had 11 spell levels left.
You didn't know any spells.
Your spell library contained the following spells:

 Spells                   Type           Power      Damage    Failure   Level
 Freeze                   Ice            0%         1d3       100%        1
 Frozen Ramparts          Ice            0%         1d1       100%        3
 Hailstorm                Conj/Ice       0%         3d5       100%        3
 Ozocubu's Armour         Ice            0%         N/A       100%        3
 Dispel Undead            Necr           0%         3d6       100%        4
 Passage of Golubria      Tloc           0%         N/A       100%        4
 Metabolic Englaciation   Hex/Ice        0%         N/A       100%        5
 Yara's Violent Unravell  Hex/Alch       0%         3d3       100%        5
 Eringya's Noxious Bog    Alch           0%         4d6       100%        6
 Cigotuvi's Dreadful Rot  Necr/Alch/Air  Unusable   N/A       N/A         2
 Tukima's Dance           Hex            Unusable   N/A       N/A         3
 Martyr's Knell           Necr/Summ      Unusable   N/A       N/A         4
 Summon Forest            Summ/Tloc      Unusable   N/A       N/A         5
 Death Channel            Necr           Unusable   N/A       N/A         6
 Sculpt Simulacrum        Ice/Alch       Unusable   N/A       N/A         6
 Summon Hydra             Summ           Unusable   N/A       N/A         7

Dungeon Overview and Level Annotations

Branches:
Dungeon (13/15)            Temple (0/1) D:6            Lair (0/5) D:8
    Orc (0/2) D:12         Bailey (visited)
 Vaults: D:13-14

Altars:
Ashenzari
Fedhas
Nemelex Xobeh
Okawaru
Ru
Sif Muna
Trog
Wu Jian
Xom
The Shining One

Shops:
D:6 (!((   D:8 (   D:11 (


Innate Abilities, Weirdness & Mutations

You are immune to sickness and miasma.
Your stone body is resilient. (AC +8)
You are immune to poison.
You resist negative energy. (rN+)
You are resistant to electric shocks. (rElec)
You are resistant to unholy torment.
You are immune to petrification.


Message History

The shadow is moderately damaged.
You sock the shadow! You burn the shadow!
You destroy the shadow!
Okawaru accepts your kill.
No target in view!
HP restored. 2 slime creatures come into view.
The slime creature quivers. x2
The slime creature moves out of view.
A slime creature comes into view.
Two slime creatures merge to form a large slime creature.
A slime creature comes into view.
You gain the combat prowess of a mighty hero.
The large slime creature hits you!!
Two slime creatures merge to form a very large slime creature.
Two slime creatures merge to form an enormous slime creature.
You are too injured to fight recklessly!
You are too injured to fight recklessly!
You are too injured to fight recklessly!
Okay, then.
You impale the enormous slime creature!!
You burn the enormous slime creature!
The enormous slime creature is lightly wounded.
You puncture the enormous slime creature!
You burn the enormous slime creature.
The enormous slime creature is moderately wounded.
You hit the enormous slime creature. You burn the enormous slime creature.
The enormous slime creature is moderately wounded.
The enormous slime creature hits you!
You sock the enormous slime creature! You burn the enormous slime creature.
The enormous slime creature is moderately wounded.
You puncture the enormous slime creature!
You burn the enormous slime creature.
The enormous slime creature is moderately wounded.
The enormous slime creature hits you!!
* * * LOW HITPOINT WARNING * * *
The enormous slime creature attacks as it pursues you!
The enormous slime creature hits you!!!
Ouch! That really hurt!
You die...

....#?#.
#.......#....#
......#.....##
............
....#.....#
...#.....#
#.##.....#
#J##.....#
#@##.....#
####.##.#.###
#.......#.#####
#.##.####.....#
#.........#.....#
#####..####.#.#.#
##....####.#...
#....<....... .#
#.#.#.####... #


You could see an enormous slime creature.

Vanquished Creatures
  Fannar (D:12)
  Erolcha (D:12)
  A catoblepas (D:13)
  A death knight (D:13)
  A hydra (D:12)
  A two-headed ogre (D:8)
  Pikel (D:6)
  A cyclops (D:12)
  An ugly thing (D:11)
  2 manticores (D:12)
  2 gargoyles
  A kobold demonologist (D:11)
  An unseen horror (D:12)
  A hornet (D:11)
  2 trolls
  13 slime creatures
  2 shadows
  3 wyverns
  3 wraiths
  12 yaks
  2 steam dragons
  2 acid dragons (D:12)
  6 orc warriors
  An ice beast (D:6)
  A black bear (D:7)
  4 centaurs
  2 lemures (D:6)
  Blork the orc (D:5)
  4 kobold brigands
  A bullfrog (D:9)
  2 gnoll sergeants
  2 scorpions
  3 howler monkeys
  6 hounds
  13 orc priests
  A jelly (D:6)
  7 iguanas
  25 orc wizards
  5 adders
  19 gnolls
  2 white imps
  3 dart slugs
  46 orcs
  8 ball pythons
  9 endoplasms
  7 giant cockroaches
  9 hobgoblins
  5 jackals
  24 kobolds
  7 quokkas
  4 bats
  6 frilled lizards
  2 goblins
  5 rats
295 creatures vanquished.

Notes
Turn   | Place    | Note
-------+----------+-------------------------------------------
     0 | D:1      | Marvel the Gargoyle Monk began the quest for the Orb.
     0 | D:1      | Reached XP level 1. HP: 14/14 MP: 1/1
   217 | D:1      | Reached XP level 2. HP: 15/19 MP: 2/2
   599 | D:1      | Reached XP level 3. HP: 24/24 MP: 3/3
   871 | D:2      | Reached skill level 4 in Maces & Flails
  1130 | D:2      | Reached XP level 4. HP: 29/29 MP: 4/4
  1137 | D:2      | Found a faded altar of an unknown god.
  2039 | D:3      | Identified the +1 leather armour of the Storm King {Rampage
                  | Str+5}
  2113 | D:3      | Found a broken altar of Ashenzari.
  2153 | D:3      | Found an iron altar of Okawaru.
  2160 | D:3      | Became a worshipper of Warmaster Okawaru
  2160 | D:3      | Reached * piety under Okawaru
  2160 | D:3      | Reached ** piety under Okawaru
  2263 | D:4      | Found a shimmering blue altar of Sif Muna.
  2263 | D:4      | Found a glowing golden altar of the Shining One.
  2333 | D:4      | Found a shimmering altar of Xom.
  2342 | D:4      | Found an ornate altar of the Wu Jian Council.
  2467 | D:4      | Reached XP level 5. HP: 22/34 MP: 5/5
  2527 | D:4      | Reached skill level 5 in Maces & Flails
  2835 | D:4      | Reached XP level 6. HP: 35/39 MP: 6/6
  3221 | D:5      | Entered Level 5 of the Dungeon
  3338 | D:4      | Reached skill level 1 in Armour
  3375 | D:5      | Reached skill level 5 in Fighting
  3375 | D:5      | Reached skill level 6 in Maces & Flails
  3424 | D:5      | Reached *** piety under Okawaru
  3425 | D:5      | Reached XP level 7. HP: 44/44 MP: 7/7
  3476 | D:5      | Noticed Blork the orc
  3490 | D:5      | Killed Blork the orc
  3792 | D:5      | Reached skill level 1 in Throwing
  4102 | D:5      | Identified the +1 leather armour "Xioneq" {rF+ Regen+ Int+7
                  | Slay+2}
  4114 | D:5      | Found a sparkling altar of Nemelex Xobeh.
  4561 | D:6      | Reached skill level 7 in Maces & Flails
  4763 | D:6      | Found a sacrificial altar of Ru.
  4772 | D:6      | Reached XP level 8. HP: 51/51 MP: 8/8
  4899 | D:6      | Noticed Pikel
  4920 | D:6      | Killed Pikel
  4920 | D:6      | Reached **** piety under Okawaru
  4921 | D:6      | Reached skill level 8 in Maces & Flails
  5128 | D:6      | Found Fytrara's Weapon Emporium.
  5270 | D:6      | Found Zith's Weapon Shoppe.
  5300 | D:6      | Found Zumentaph's Distillery.
  5303 | D:6      | Bought 2 potions of might for 80 gold pieces
  5303 | D:6      | Bought a potion of heal wounds for 50 gold pieces
  5303 | D:6      | Bought a potion of curing for 30 gold pieces
  5303 | D:6      | Bought a potion of resistance for 100 gold pieces
  5303 | D:6      | Bought a potion of brilliance for 40 gold pieces
  5424 | D:6      | Found Meuhat's Antique Weapon Emporium.
  5455 | D:6      | Found a staircase to the Ecumenical Temple.
  5640 | D:7      | Noticed a wyvern
  5652 | D:7      | Killed a wyvern
  5653 | D:7      | Reached skill level 5 in Armour
  5695 | D:7      | Found a flagged portal.
  5726 | D:7      | Reached XP level 9. HP: 53/56 MP: 9/9
  5734 | Bailey   | Entered a bailey
  6645 | D:7      | Found a bloodstained altar of Trog.
  6906 | D:7      | Reached skill level 9 in Maces & Flails
  7408 | D:8      | Reached ***** piety under Okawaru
  7667 | D:8      | Found a staircase to the Lair.
  7747 | D:7      | Reached XP level 10. HP: 49/64 MP: 10/10
  8120 | D:8      | Noticed a two-headed ogre
  8162 | D:8      | Killed a two-headed ogre
  8163 | D:8      | Reached skill level 10 in Maces & Flails
  8539 | D:8      | Found Noysear's Antique Weapon Boutique.
  8688 | D:9      | Found a blossoming altar of Fedhas.
  8914 | D:9      | Noticed a gargoyle
  9085 | D:9      | HP: 1/64 [gargoyle/stone arrow (7)]
  9102 | D:9      | Killed a gargoyle
  9102 | D:9      | Received a gift from Okawaru
  9442 | D:6      | Bought a runed morningstar for 231 gold pieces
  9700 | D:10     | Entered Level 10 of the Dungeon
 10191 | D:10     | Found the +7 Throatcutter {drain, coup de grace}
 10525 | D:11     | Reached XP level 11. HP: 71/71 MP: 11/11
 10582 | D:11     | Received a gift from Okawaru
 10583 | D:11     | Reached skill level 11 in Maces & Flails
 10797 | D:11     | Found Zileoll's Antique Weapon Emporium.
 11307 | D:11     | Noticed a purple ugly thing
 11319 | D:11     | Killed a purple ugly thing
 11484 | D:12     | Noticed a manticore
 11509 | D:11     | Reached ****** piety under Okawaru
 11510 | D:11     | Reached skill level 10 in Armour
 11515 | D:11     | HP: 1/72 [slime creature (12)]
 11524 | D:11     | Reached skill level 12 in Maces & Flails
 11704 | D:11     | Acquired the +11 crystal plate armour "Hero's Friend" {rN+
                  | rCorr}
 11704 | D:11     | Received a gift from Okawaru
 11817 | D:12     | Killed a manticore
 11817 | D:12     | Received a gift from Okawaru
 11981 | D:12     | Reached skill level 10 in Fighting
 11993 | D:12     | Noticed Fannar
 12009 | D:12     | Killed Fannar
 12151 | D:12     | Found a staircase to the Orcish Mines.
 12175 | D:12     | Reached skill level 5 in Throwing
 12219 | D:12     | Noticed a four-headed hydra
 12219 | D:12     | Noticed a cyclops
 12239 | D:12     | Killed a four-headed hydra
 12250 | D:12     | Killed a cyclops
 12250 | D:12     | Received a gift from Okawaru
 12252 | D:12     | Acquired the +9 great mace of Owkyan {vamp, ^Fragile rPois
                  | rN+ Stlth+}
 12252 | D:12     | Received a gift from Okawaru
 12371 | D:12     | Reached XP level 12. HP: 57/78 MP: 12/12
 12508 | D:12     | Noticed Erolcha
 12517 | D:12     | Killed Erolcha
 12736 | D:12     | Reached skill level 13 in Maces & Flails
 12741 | D:12     | Reached skill level 1 in Invocations
 13018 | D:13     | Noticed a catoblepas
 13027 | D:13     | Killed a catoblepas
 13079 | D:13     | Noticed a death knight
 13095 | D:13     | Killed a death knight
 13306 | D:13     | Annihilated by an enormous slime creature

Illustrated notes

Levels and vault maps discovered:
D:1:      minmay_arrival_four_circles, layout_loops_ring
D:2:      layout_loops_ring, shapermc_ecumenical_altar_mp_urbaneastern,
          minmay_fountain_box
D:3:      layout_loops_ring, jmf_multi_god_temple2
D:4:      layout_cave_pods, nicolae_overflow_macrodata_refinement
D:5:      layout_layer_cave, nemelex_diamond_rough_becter, item_on_display_a,
          uniq_blork_the_orc
D:6:      layout_basic, nicolae_ru_great_annihilating_truth, temple_green,
          mainiacjoe_sewer_entry_somewhere_in_here_2, serial_shops,
          kennysheep_mini_moat, nicolae_shop_pleasant_corner_grove, shop_statue,
          nicolae_shop_tiny_real_fake_doors, st_stairs_8, uniq_pikel
D:7:      layout_cave_pools, lemuel_tele_altar, enter_bailey_6,
          serial_co_window_serial, co_window_corner_a, co_window_corner_a,
          co_window_paths_b, co_window_paths_b, co_window_corner_a,
          co_window_paths_a, co_window_paths_b, co_window_corner_a,
          co_window_corner_a, co_window_corner_cb, co_window_broadway_c,
          co_window_cross_3, co_window_corner_ca, co_window_of_opportunity_b,
          glass_columns_c, glass_columns_b, serial_shops
D:8:      layout_loops_ring, dpeg_oklobed_lair, serial_shops,
          nicolae_lakefront_shop
D:9:      layout_cave_pools, mainiacjoe_overflow_catwalk
D:10:     layout_roguey
D:11:     layout_basic, serial_shops, shop
D:12:     layout_rooms, orc_0_dummy, uniq_fannar, uniq_erolcha
D:13:     minmay_recursive_quarters, layout_basic,
          hellmonk_vaults_attempted_burglary, serial_park_tiny_1,
          minmay_statue_crystal_thing

Skill      XL: |  1  2  3  4  5  6  7  8  9 10 11 12 |
---------------+-------------------------------------+-----
Fighting       | 4 5 6 7 9 10 | 10.8
Maces & Flails | 4 5 6 7 8 9 10 12 13 | 13.3
Armour         | 2 3 5 7 9 10 | 10.9
Throwing       | 1 2 3 4 5 |  5.7
Invocations    | 1 |  1.3
Dodging        | |  2.4
Stealth        | |  0.2

Action                     |  1- 3 |  4- 6 |  7- 9 | 10-12 || total
---------------------------+-------+-------+-------+-------++-------
  Melee: Mace              |    77 |   151 |    25 |       ||   253
         Whip              |       |       |   355 |   160 ||   515
         Morningstar       |       |       |       |   343 ||   343
  Throw: Dart              |       |     9 |    27 |    68 ||   104
 Invoke: Heroism           |       |       |       |     5 ||     5
         Receive Weapon    |       |       |       |     1 ||     1
         Receive Armour    |       |       |       |     1 ||     1
    Use: Scroll            |       |     1 |     4 |    14 ||    19
         Potion            |       |       |     1 |     8 ||     9
   Stab: Invisible         |       |       |     1 |       ||     1
         Paralysed         |       |       |     1 |       ||     1
 Armour: Robe              |    35 |    32 |       |       ||    67
         Plate armour      |       |    94 |   320 |   301 ||   715
         Crystal plate arm |       |       |       |   173 ||   173
  Dodge: Dodged            |    38 |    59 |    94 |   135 ||   326
